 Dungeon Crawl Stone Soup version 0.28-a0-957-g42eb19b844 (webtiles) character file.

Game seed: 12721261660860219047

21964 ders the Geomancer (level 12, -3/59 HPs)
             Began as a Gargoyle Earth Elementalist on Nov 30, 2021.
             Was an Elder of Vehumet.
             Slain by a boulder beetle (10 damage)
             ... on level 2 of the Lair of Beasts.
             The game lasted 00:26:31 (16807 turns).

ders the Geomancer (Gargoyle Earth Elementalist)   Turns: 16807, Time: 00:26:31

Health: -3/59      AC: 15    Str: 14    XL:     12   Next: 95%
Magic:  13/27      EV: 11    Int: 19    God:    Vehumet [****..]
Gold:   583        SH:  5    Dex: 10    Spells: 20/33 levels left

rFire   . . .      SeeInvis +   l - staff of earth
rCold   + . .      Faith    .   a - +1 buckler {reflect}
rNeg    + . .      Spirit   .   D - +0 steam dragon scales
rPois   ∞          Reflect  +   L - +0 hat {Will+}
rElec   +          Harm     .   e - +1 cloak
rCorr   .          Rampage  .   (no gloves)
Will    +....                   (no boots)
Stlth   ++........              (no amulet)
HPRegen 0.19/turn               g - ring of protection from cold
MPRegen 0.20/turn               w - ring of see invisible

@: about to teleport
A: sickness immunity, AC +8, negative energy resistance 1, electricity
resistance, torment resistance 1, petrification resistance
a: Renounce Religion


You were on level 2 of the Lair of Beasts.
You worshipped Vehumet.
Vehumet was greatly pleased with you.
You visited 3 branches of the dungeon, and saw 15 of its levels.
You visited 1 bazaar.
You also visited: Ossuary.

You collected 915 gold pieces.
You spent 332 gold pieces at shops.

Inventory:

Hand Weapons
 s - the +5 whip of Exhibitionism {venom, rCorr}
   (You found it on level 4 of the Dungeon)

   It poisons the flesh of those it strikes.
   rCorr:     It protects you from acid and corrosion.
Missiles
 c - 237 stones
Armour
 a - a +1 buckler of reflection (worn)
 e - a +1 cloak (worn)
 D - +0 steam dragon scales (worn)
 L - a +0 hat of willpower (worn)
Magical Staves
 l - a staff of earth (weapon)
Jewellery
 g - a ring of protection from cold (left hand)
 v - a ring of flight
 w - a ring of see invisible (right hand)
 x - a ring of willpower
 E - a ring of protection from cold
 I - a +6 ring of intelligence
Wands
 h - a wand of paralysis (7)
 t - a wand of iceblast (29)
 y - a wand of flame (55)
 M - a wand of acid (12)
Scrolls
 f - 2 scrolls of silence
 i - a scroll of fog
 j - a scroll of noise
 k - 2 scrolls of vulnerability
 m - 2 scrolls of fear
 p - a scroll of amnesia
 A - 2 scrolls of brand weapon
 H - a scroll of summoning {unknown}
 K - 5 scrolls of identify
Potions
 b - a potion of attraction {unknown}
 d - 3 potions of berserk rage
 n - 2 potions of haste
 o - 8 potions of heal wounds
 r - 4 potions of brilliance
 u - 4 potions of curing
 z - 4 potions of flight
 B - 2 potions of might
 C - a potion of magic
 F - 2 potions of degeneration
 J - a potion of ambrosia {unknown}
Miscellaneous
 q - a piece from Xom's chessboard (15/15)


   Skills:
 - Level 1.5 Dodging
 + Level 3.2 Stealth
 - Level 4.0 Shields
 + Level 11.3 Spellcasting
 + Level 12.6 Conjurations
 + Level 0.7 Transmutations
 + Level 3.1 Ice Magic
 + Level 2.3 Air Magic
 + Level 14.1 Earth Magic


You had 20 spell levels left.
You knew the following spells:

 Your Spells              Type           Power      Damage    Failure   Level
a - Sandblast             Erth           100%       2d20      0%          1
b - Stone Arrow           Conj/Erth      100%       3d13      1%          3
c - Freezing Cloud        Conj/Ice/Air   16%        6-21      4%          5
d - Petrify               Tmut/Erth      55%        N/A       3%          4

Your spell library contained the following spells:

 Spells                   Type           Power      Damage    Failure   Level
 Flame Wave               Conj/Fire      34%        2d7       1%          4
 Passwall                 Tmut/Erth      45%        N/A       1%          2
 Mephitic Cloud           Conj/Pois/Air  29%        N/A       1%          3
 Irradiate                Conj/Tmut      18%        3d20      3%          5
 Beastly Appendage        Tmut           26%        N/A       4%          1
 Ensorcelled Hibernation  Hex/Ice        32%        N/A       5%          2
 Ignite Poison            Fire/Tmut/Pois 11%        N/A       5%          3
 Wereblood                Tmut           13%        N/A       8%          2
 Spider Form              Tmut/Pois      12%        N/A       17%         3
 Portal Projectile        Hex/Tloc       20%        N/A       19%         3
 Blade Hands              Tmut           6%         N/A       80%         5
 Excruciating Wounds      Necr           5%         N/A       87%         5
 Dispersal                Tloc           5%         N/A       100%        6
 Summon Hydra             Summ           5%         N/A       100%        7
 Disjunction              Tloc           5%         N/A       100%        8
 Sublimation of Blood     Necr           Unusable   N/A       N/A         2

Dungeon Overview and Level Annotations

Branches:
Dungeon (12/15)            Temple (1/1) D:4            Lair (2/6) D:10
  Swamp (0/4) Lair:2          Orc (0/2) D:10        Ossuary (visited)
  Snake: Lair:2-4    Spider: Lair:2-4

Altars:
Ashenzari
Cheibriados
Dithmenos
Elyvilon
Fedhas
Gozag
Hepliaklqana
Kikubaaqudgha
Makhleb
Nemelex Xobeh
Okawaru
Qazlal
Ru
Uskayaw
Vehumet
Wu Jian
Xom
Yredelemnul
The Shining One

Shops:
D:3 [   D:4 *   D:6 :   D:7 (   D:8 !

Annotations:
D:6 2 transporters, AmazingEquinox's ghost, novice TrBe
D:8 2 transporters, Splishie's ghost, amateur GnWn


Innate Abilities, Weirdness & Mutations

You are immune to sickness and miasma.
Your stone body is resilient. (AC +8)
You are immune to poison.
You resist negative energy. (rN+)
You are resistant to electric shocks. (rElec)
You are resistant to unholy torment.
You are immune to petrification.


Message History

Press: ? - help, Shift-Dir - straight line, f/p - black mamba
Aim: a black mamba (heavily wounded, 63% to hit)
You feel a surge of power!
The stone arrow hits the black mamba!!
You kill the black mamba!
Vehumet accepts your kill.
You feel your power returning.
Unknown command.
You enter the shallow water.
Moving in this stuff is going to be slow. 2 boulder beetles come into view.
There are monsters nearby!
Casting: Stone Arrow (safe; 1% risk of failure)
Confirm with . or Enter, or press ? or * to list all spells.
Aiming: Freezing Cloud (dangerous; 4% risk of failure)
Press: ? - help, Dir - move target The boulder beetle leaps!
Casting: Freezing Cloud (dangerous; 4% risk of failure)
Confirm with . or Enter, or press ? or * to list all spells.
Aiming: Freezing Cloud (dangerous; 4% risk of failure)
Press: ? - help, Dir - move target The boulder beetle curls into a ball and begins rolling!
The boulder beetle is engulfed in freezing vapours. x2
Casting: Freezing Cloud (dangerous; 4% risk of failure)
Confirm with . or Enter, or press ? or * to list all spells.
Aiming: Freezing Cloud (dangerous; 4% risk of failure)
Press: ? - help, Dir - move target That beam is likely to hit you.
Continue anyway?
The boulder beetle is engulfed in freezing vapours.
The boulder beetle leaps!
The boulder beetle is engulfed in freezing vapours.
The boulder beetle is engulfed in freezing vapours.
The boulder beetle hits you!!!
Ouch! That really hurt!
* * * LOW HITPOINT WARNING * * *
The boulder beetle stops rolling and uncurls.
Okay, then.
Unknown command.
As you read the scroll of teleportation, it crumbles to dust.
You feel strangely unstable. The boulder beetle bites you!
You die...

#.........................
#.........................
#..................#######
##.#####...###.##### ###
##.## ####≈≈. #.# #≈≈..≈
#.## #≈≈.#.. #..# ≈≈.#...
##@##≈≈≈.# ##B#≈≈≈≈≈#°○
#..§≈≈≈....≈ ####§≈≈≈≈...
##§≈≈.... ≈§≈.... #≈≈≈≈..
#≈≈≈.. ##≈..


You could see a boulder beetle.

Vanquished Creatures
  Gastronok (Lair:2)
  3 hydras
  A boulder beetle (D:11)
  Erolcha (D:9)
  A two-headed ogre (D:8)
  Urug (Lair:2)
  Nergalle (Lair:2)
  A deep elf pyromancer (D:11)
  2 manticores
  2 ugly things (D:12)
  A black mamba (Lair:2)
  A cane toad (Lair:2)
  2 komodo dragons
  2 centaur zombies (D:11)
  An unseen horror (D:12)
  6 polar bears
  3 trolls
  A hornet (D:8)
  3 blink frogs (Lair:1)
  A meliai zombie (D:11)
  A wraith (D:11)
  A wyvern (D:10)
  A vampire (D:11)
  28 yaks
  A basilisk (Lair:1)
  2 steam dragons
  4 vampire mosquitoes
  3 water moccasins (Lair:1)
  3 black bears
  3 orc warriors
  3 ogres
  2 necrophages
  A centaur (D:6)
  4 kobold brigands
  3 gnoll sergeants (D:10)
  10 bullfrogs
  A water moccasin skeleton (D:7)
  14 wights
  2 howler monkeys
  A gnoll shaman (D:7)
  2 bullfrog zombies
  6 hounds
  2 jellies
  2 iguanas
  Natasha (twice) (D:4)
  2 orc wizards
  9 mummies
  14 gnolls
  3 adders
  A white imp (D:6)
  An ufetubus (D:5)
  An adder skeleton (D:4)
  A worm (D:3)
  21 orcs
  4 endoplasms
  3 giant cockroaches
  A gnoll zombie (Ossuary)
  4 goblins
  5 hobgoblins
  2 jackals (D:5)
  13 kobolds
  5 quokkas
  4 ball pythons
  6 bats
  A frilled lizard (D:1)
  3 hobgoblin zombies (Ossuary)
  4 kobold zombies (Ossuary)
  7 rats
252 creatures vanquished.

Vanquished Creatures (others)
  10 fungi
  9 plants
19 creatures vanquished.

Grand Total: 271 creatures vanquished

Notes
Turn   | Place    | Note
-------+----------+-------------------------------------------
     0 | D:1      | ders the Gargoyle Earth Elementalist began the quest for
                  | the Orb.
     0 | D:1      | Reached XP level 1. HP: 10/10 MP: 3/3
   154 | D:1      | Reached XP level 2. HP: 15/15 MP: 1/5
   232 | D:1      | Reached skill level 1 in Conjurations
   238 | D:1      | Identified a scroll of acquirement
   238 | D:1      | Acquired a +0 buckler of reflection
   340 | D:1      | Reached skill level 4 in Earth Magic
   904 | D:1      | Reached XP level 3. HP: 19/19 MP: 3/6
  1347 | D:2      | Found a faded altar of an unknown god.
  1420 | D:2      | Reached XP level 4. HP: 10/24 MP: 3/8
  2227 | D:3      | Found Pejuxtyish's Antique Armour Emporium.
  2932 | D:4      | Identified the +5 whip of Exhibitionism {venom, rCorr}
  2984 | D:4      | Reached XP level 5. HP: 28/28 MP: 5/9
  3050 | D:4      | Found a staircase to the Ecumenical Temple.
  3072 | Temple   | Entered the Ecumenical Temple
  3128 | Temple   | Became a worshipper of Vehumet
  3158 | D:4      | Reached skill level 5 in Earth Magic
  3377 | D:4      | Noticed Natasha
  3383 | D:4      | Killed Natasha
  3458 | D:4      | Learned a level 3 spell: Stone Arrow
  3463 | D:4      | Reached XP level 6. HP: 32/32 MP: 4/11
  3536 | D:4      | Found an opulent altar of Gozag.
  3536 | D:4      | Found Gozag's Platinum Reserve.
  3777 | D:4      | Noticed Natasha
  3781 | D:4      | Killed Natasha
  4054 | D:5      | Entered Level 5 of the Dungeon
  4132 | D:5      | Reached skill level 6 in Earth Magic
  4132 | D:5      | Reached XP level 7. HP: 33/36 MP: 8/13
  4402 | D:5      | Reached * piety under Vehumet
  4402 | D:5      | Offered knowledge of Freeze by Vehumet.
  4442 | D:5      | Found an ornate altar of the Wu Jian Council.
  4544 | D:5      | Found a glowing golden altar of the Shining One.
  5132 | D:6      | Found a transporter.
  5263 | D:6      | Reached skill level 5 in Conjurations
  5467 | D:6      | Noticed AmazingEquinox's ghost (novice TrBe)
  5512 | D:6      | Reached skill level 7 in Earth Magic
  5514 | D:6      | Reached XP level 8. HP: 41/41 MP: 6/15
  5612 | D:6      | Found a sand-covered staircase.
  5619 | D:6      | Reached skill level 5 in Spellcasting
  5623 | Ossuary  | Entered an ossuary
  6520 | D:6      | Found Hazeba's Book Shop.
  6569 | D:6      | Found a transporter.
  6659 | D:7      | Found a basalt altar of Yredelemnul.
  6745 | D:7      | Reached skill level 1 in Shields
  7142 | D:7      | Reached skill level 8 in Earth Magic
  7269 | D:7      | Offered knowledge of Shock by Vehumet.
  7561 | D:7      | Found a shimmering altar of Xom.
  7573 | D:7      | Found a stormy altar of Qazlal.
  7584 | D:7      | Reached XP level 9. HP: 45/45 MP: 10/18
  7632 | D:7      | Found Maobogg's Weapon Emporium.
  7674 | D:7      | Reached ** piety under Vehumet
  8227 | D:8      | Found Qarphuts's Distillery.
  8237 | D:8      | Bought a potion of heal wounds for 80 gold pieces
  8237 | D:8      | Bought a potion of heal wounds for 80 gold pieces
  8257 | D:8      | Noticed a hornet
  8261 | D:8      | Killed a hornet
  8631 | D:8      | Found a burning altar of Makhleb.
  8634 | D:8      | Noticed a blizzard demon
  8748 | D:8      | Reached skill level 9 in Earth Magic
  8878 | D:8      | Found a snail-covered altar of Cheibriados.
  8909 | D:8      | Noticed a two-headed ogre
  8913 | D:8      | Killed a two-headed ogre
  8973 | D:8      | Found a transporter.
  9013 | D:8      | Noticed Splishie's ghost (amateur GnWn)
  9168 | D:8      | Found a transporter.
  9203 | D:8      | Reached XP level 10. HP: 24/50 MP: 9/20
  9205 | D:8      | Reached skill level 10 in Earth Magic
  9583 | D:9      | Noticed a manticore
  9586 | D:9      | Killed a manticore
  9975 | D:9      | Learned a level 5 spell: Freezing Cloud
  9993 | D:9      | Noticed Erolcha
 10013 | D:9      | Killed Erolcha
 10014 | D:9      | Reached skill level 11 in Earth Magic
 10172 | D:9      | Offered knowledge of Static Discharge by Vehumet.
 10519 | D:10     | Entered Level 10 of the Dungeon
 10524 | D:10     | Acquired a staff of earth
 10532 | D:10     | Learned a level 4 spell: Petrify
 10667 | D:10     | Found a staircase to the Lair.
 10936 | D:10     | Found a hazy altar of Hepliaklqana.
 10974 | D:10     | Found a staircase to the Orcish Mines.
 10980 | D:10     | Reached skill level 10 in Conjurations
 10998 | D:10     | Reached XP level 11. HP: 14/54 MP: 7/23
 11459 | D:10     | Noticed a manticore
 11462 | D:10     | Killed a manticore
 12082 | D:11     | Found a flickering gateway to a bazaar.
 12091 | Bazaar   | Entered a bazaar
 12104 | Bazaar   | Found Wealico Jeur's Distillery.
 12110 | Bazaar   | Found Aloaj's Book Shoppe.
 12117 | Bazaar   | Found Caimanuv's Antique Armour Emporium.
 12123 | Bazaar   | Found Kihocum's Book Boutique.
 12128 | Bazaar   | Found Xijoch's Jewellery Emporium.
 12167 | Bazaar   | Bought a runed cloak for 172 gold pieces
 12271 | D:11     | Reached skill level 12 in Earth Magic
 12424 | D:11     | Reached *** piety under Vehumet
 12579 | D:11     | Noticed a deep elf pyromancer
 12582 | D:11     | Killed a deep elf pyromancer
 12708 | D:11     | Noticed a boulder beetle
 12717 | D:11     | Killed a boulder beetle
 12821 | D:11     | Noticed a boulder beetle
 12866 | D:12     | Noticed a white ugly thing
 12871 | D:12     | Killed a white ugly thing
 13037 | D:12     | Noticed a red ugly thing
 13054 | D:12     | Killed a cyan ugly thing
 13430 | Lair:1   | Entered Level 1 of the Lair of Beasts
 13555 | Lair:1   | Reached skill level 10 in Spellcasting
 13555 | Lair:1   | Reached skill level 13 in Earth Magic
 13781 | Lair:1   | Noticed a five-headed hydra
 13793 | Lair:1   | Killed a five-headed hydra
 13793 | Lair:1   | Offered knowledge of Flame Wave by Vehumet.
 13794 | Lair:1   | Reached skill level 1 in Ice Magic
 13794 | Lair:1   | Reached XP level 12. HP: 36/59 MP: 11/26
 14070 | Lair:1   | Reached skill level 1 in Air Magic
 14947 | Lair:1   | Noticed a seven-headed hydra
 14952 | Lair:1   | Killed a seven-headed hydra
 15719 | Lair:2   | Noticed Gastronok
 15733 | Lair:2   | Killed Gastronok
 15734 | Lair:2   | Reached skill level 14 in Earth Magic
 15967 | Lair:2   | Noticed Nergalle
 15973 | Lair:2   | Killed Nergalle
 16193 | Lair:2   | Found a staircase to the Swamp.
 16561 | Lair:2   | Reached **** piety under Vehumet
 16580 | Lair:2   | Noticed Urug
 16580 | Lair:2   | Noticed a four-headed hydra
 16593 | Lair:2   | Killed a four-headed hydra
 16611 | Lair:2   | Killed Urug
 16799 | Lair:2   | Noticed a boulder beetle
 16799 | Lair:2   | Noticed a boulder beetle
 16807 | Lair:2   | Slain by a boulder beetle

Illustrated notes

Levels and vault maps discovered:
D:1:      ncdulo_lavacross, layout_basic, moated_statue, st_stairs_10,
          hangedman_glass_garden, minmay_pentomino_v2
D:2:      layout_loops_ring, shapermc_ecumenical_altar_mp_urbaneastern
D:3:      layout_basic, serial_shops,
          nicolae_shop_temple_entry_statues_fountains, eino_curves_03
D:4:      layout_basic, nicolae_gozag_zags_fifth_avenue, temple_doors_e,
          minmay_misc_feat_x, uniq_natasha
D:5:      layout_loops_ring, tso_altar, kennysheep_mini_moat, minivault_11
D:6:      layout_basic, gammafunk_ghost_abyssal_escape,
          gup_ossuary_entry_pyramid, serial_shops, shop_statue,
          minmay_splitting_lines, small_statue_alley_b,
          kennysheep_decorative_pillar, hangedman_decor_lopped,
          kennysheep_generic_room_11
D:7:      layout_basic, nicolae_qazlal_general_emergency,
          mainiacjoe_overflow_brackets, yredelemnul_altar_generic, serial_shops,
          nicolae_shop_trees
D:8:      layout_rooms, makhleb_altar_promises_db,
          mainiacjoe_overflow_cross_hatched, gammafunk_ghost_smash,
          nicolae_stop_n_shop_1
D:9:      layout_rooms, statue_in_the_mist_lemuel, uniq_erolcha
D:10:     layout_loops_corners, nzn_hepliaklqana_mist_gate, lair_entry_dummy,
          kennysheep_orc_monster_closet_entryway
D:11:     layout_roguey, serial_shops, bzr_entry_lakeside
D:12:     layout_loops_ring, serial_shops, nicolae_shop_hallway_stairs,
          minmay_misc_feat_alley, jiyva_altar_1
Temple:   dshaligram_water_room_temple
Lair:1:   beast_lair_carwin_large_2, layout_loops_ring,
          infiniplex_staircase_pool_2
Lair:2:   layout_hall_layers, swamp_mist,
          hellmonk_guarded_unrand_seven_league_boots, uniq_nergalle,
          uniq_gastronok, uniq_urug

Skill      XL: |  1  2  3  4  5  6  7  8  9 10 11 12 |
---------------+-------------------------------------+-----
Conjurations   | 1 2 3 4 5 6 8 10 11 12 | 12.6
Earth Magic    | 4 5 6 7 8 9 11 13 14 | 14.1
Spellcasting   | 3 4 6 7 8 10 11 | 11.3
Shields        | 2 4 |  4.0
Ice Magic      | 1 3 |  3.1
Air Magic      | 2 |  2.3
Stealth        | 3 |  3.2
Dodging        | |  1.5
Transmutations | |  0.7

Action                   |  1- 3 |  4- 6 |  7- 9 | 10-12 || total
-------------------------+-------+-------+-------+-------++-------
Melee: Unarmed           |     6 |       |       |       ||     6
       Dagger            |     5 |     7 |       |       ||    12
       Short sword       |     2 |       |       |       ||     2
       Whip              |       |     2 |     3 |       ||     5
 Cast: Sandblast         |    42 |    62 |    71 |    65 ||   240
       Stone Arrow       |       |     8 |    85 |   168 ||   261
       Freezing Cloud    |       |       |       |    41 ||    41
       Petrify           |       |       |       |     1 ||     1
Evoke: Piece from Xom's  |       |       |       |     2 ||     2
  Use: Scroll            |     1 |       |    14 |    14 ||    29
       Potion            |       |       |       |     1 ||     1
Armor: Robe              |     4 |     6 |     6 |       ||    16
       Steam dragon scal |       |       |     5 |    33 ||    38
Dodge: Dodged            |     9 |    13 |    25 |    42 ||    89
Block: Buckler           |       |       |     5 |    12 ||    17

Table legend: (Time is in decaauts)
 A = Elapsed time spent in this place.
 B = Non-inter-level travel time spent in this place.
 C = Inter-level travel time spent in this place.
 D = Time resting spent in this place.
 E = Time spent auto-exploring this place.
 F = Levels seen in this place.
 G = Mean time per level.
                   A        B        C        D        E       F      G
               +--------+--------+--------+--------+--------+-----+--------+
         Total |  16814 |  16007 |    807 |   5771 |   8379 |  17 |  989.1 |
       Dungeon |  12766 |  12015 |    751 |   4113 |   6575 |  12 | 1063.8 |
        Temple |     68 |     48 |     20 |      0 |     35 |   1 |   68.0 |
          Lair |   3378 |   3342 |     36 |   1456 |   1567 |   2 | 1689.0 |
        Bazaar |     99 |     99 |      0 |      0 |     40 |   1 |   99.0 |
       Ossuary |    501 |    501 |      0 |    202 |    162 |   1 |  501.0 |
               +--------+--------+--------+--------+--------+-----+--------+

Top non-repeatable levels by time:
  Lair:1: 2148 daAuts
     D:6: 1661 daAuts
    D:10: 1575 daAuts
     D:7: 1471 daAuts
  Lair:2: 1229 daAuts
     D:4: 1149 daAuts
     D:9: 1093 daAuts
     D:1: 1062 daAuts
     D:2: 964 daAuts
     D:3: 889 daAuts
     D:8: 845 daAuts
     D:5: 813 daAuts
    D:11: 730 daAuts
    D:12: 508 daAuts
 Ossuary: 501 daAuts
